[gd_scene load_steps=11 format=3 uid="uid://dpx7qaaiamaw7"]

[ext_resource type="Texture2D" uid="uid://cgt5yekkhybmv" path="res://assets/TychoSkymapII.t3_04096x02048.jpg" id="1_vacxq"]
[ext_resource type="Shader" path="res://colorramp_canvaslayer/colorramp_canvaslayer.gdshader" id="2_8fhyw"]
[ext_resource type="Texture2D" uid="uid://dqrqp5x0ojofs" path="res://assets/pegasus.png" id="4_ua8oi"]
[ext_resource type="PackedScene" uid="uid://c47grqxh258d2" path="res://usefulScripts/player/freecam_firstperson.tscn" id="5_i51ed"]

[sub_resource type="PanoramaSkyMaterial" id="PanoramaSkyMaterial_aakob"]
panorama = ExtResource("1_vacxq")

[sub_resource type="Sky" id="Sky_2dnnv"]
sky_material = SubResource("PanoramaSkyMaterial_aakob")
process_mode = 3

[sub_resource type="Environment" id="Environment_r1ala"]
background_mode = 2
sky = SubResource("Sky_2dnnv")
tonemap_mode = 2

[sub_resource type="ShaderMaterial" id="ShaderMaterial_6mwdw"]
shader = ExtResource("2_8fhyw")
shader_parameter/size = 4.0
shader_parameter/start_color = Color(0, 0, 0, 1)
shader_parameter/end_color = Color(1, 1, 1, 1)
shader_parameter/start_clamp = 0.0
shader_parameter/end_clamp = 1.0

[sub_resource type="StandardMaterial3D" id="StandardMaterial3D_ilnn2"]
albedo_texture = ExtResource("4_ua8oi")
uv1_scale = Vector3(3, 2, 3)

[sub_resource type="BoxMesh" id="BoxMesh_k2qwv"]

[node name="Node3D" type="Node3D"]

[node name="DirectionalLight3D" type="DirectionalLight3D" parent="."]
transform = Transform3D(-0.866025, -0.433013, 0.25, 0, 0.5, 0.866025, -0.5, 0.75, -0.433013, 0, 0, 0)
shadow_enabled = true

[node name="WorldEnvironment" type="WorldEnvironment" parent="."]
environment = SubResource("Environment_r1ala")

[node name="CanvasLayer" type="CanvasLayer" parent="."]

[node name="ColorRect" type="ColorRect" parent="CanvasLayer"]
material = SubResource("ShaderMaterial_6mwdw")
anchors_preset = 15
anchor_right = 1.0
anchor_bottom = 1.0
grow_horizontal = 2
grow_vertical = 2

[node name="cubes" type="Node3D" parent="."]

[node name="MeshInstance3D2" type="MeshInstance3D" parent="cubes"]
material_override = SubResource("StandardMaterial3D_ilnn2")
mesh = SubResource("BoxMesh_k2qwv")
skeleton = NodePath("")

[node name="MeshInstance3D5" type="MeshInstance3D" parent="cubes"]
transform = Transform3D(1, 0, 0, 0, 1, 0, 0, 0, 1, 0, 0, 2)
material_override = SubResource("StandardMaterial3D_ilnn2")
mesh = SubResource("BoxMesh_k2qwv")
skeleton = NodePath("")

[node name="MeshInstance3D6" type="MeshInstance3D" parent="cubes"]
transform = Transform3D(1, 0, 0, 0, 1, 0, 0, 0, 1, -2, 0, 2)
material_override = SubResource("StandardMaterial3D_ilnn2")
mesh = SubResource("BoxMesh_k2qwv")
skeleton = NodePath("")

[node name="MeshInstance3D9" type="MeshInstance3D" parent="cubes"]
transform = Transform3D(1, 0, 0, 0, 1, 0, 0, 0, 1, 2, 0, 2)
material_override = SubResource("StandardMaterial3D_ilnn2")
mesh = SubResource("BoxMesh_k2qwv")
skeleton = NodePath("")

[node name="MeshInstance3D" type="MeshInstance3D" parent="cubes"]
transform = Transform3D(1, 0, 0, 0, 1, 0, 0, 0, 1, 0, 0, -2)
material_override = SubResource("StandardMaterial3D_ilnn2")
mesh = SubResource("BoxMesh_k2qwv")
skeleton = NodePath("")

[node name="MeshInstance3D3" type="MeshInstance3D" parent="cubes"]
transform = Transform3D(1, 0, 0, 0, 1, 0, 0, 0, 1, -2, 0, 0)
material_override = SubResource("StandardMaterial3D_ilnn2")
mesh = SubResource("BoxMesh_k2qwv")
skeleton = NodePath("")

[node name="MeshInstance3D4" type="MeshInstance3D" parent="cubes"]
transform = Transform3D(1, 0, 0, 0, 1, 0, 0, 0, 1, -2, 0, -2)
material_override = SubResource("StandardMaterial3D_ilnn2")
mesh = SubResource("BoxMesh_k2qwv")
skeleton = NodePath("")

[node name="MeshInstance3D7" type="MeshInstance3D" parent="cubes"]
transform = Transform3D(1, 0, 0, 0, 1, 0, 0, 0, 1, 2, 0, 0)
material_override = SubResource("StandardMaterial3D_ilnn2")
mesh = SubResource("BoxMesh_k2qwv")
skeleton = NodePath("")

[node name="MeshInstance3D8" type="MeshInstance3D" parent="cubes"]
transform = Transform3D(1, 0, 0, 0, 1, 0, 0, 0, 1, 2, 0, -2)
material_override = SubResource("StandardMaterial3D_ilnn2")
mesh = SubResource("BoxMesh_k2qwv")
skeleton = NodePath("")

[node name="MeshInstance3D10" type="MeshInstance3D" parent="cubes"]
transform = Transform3D(1, 0, 0, 0, 1, 0, 0, 0, 1, 0, 2, 0)
material_override = SubResource("StandardMaterial3D_ilnn2")
mesh = SubResource("BoxMesh_k2qwv")
skeleton = NodePath("")

[node name="MeshInstance3D11" type="MeshInstance3D" parent="cubes"]
transform = Transform3D(1, 0, 0, 0, 1, 0, 0, 0, 1, 0, 2, 2)
material_override = SubResource("StandardMaterial3D_ilnn2")
mesh = SubResource("BoxMesh_k2qwv")
skeleton = NodePath("")

[node name="MeshInstance3D12" type="MeshInstance3D" parent="cubes"]
transform = Transform3D(1, 0, 0, 0, 1, 0, 0, 0, 1, -2, 2, 2)
material_override = SubResource("StandardMaterial3D_ilnn2")
mesh = SubResource("BoxMesh_k2qwv")
skeleton = NodePath("")

[node name="MeshInstance3D13" type="MeshInstance3D" parent="cubes"]
transform = Transform3D(1, 0, 0, 0, 1, 0, 0, 0, 1, 2, 2, 2)
material_override = SubResource("StandardMaterial3D_ilnn2")
mesh = SubResource("BoxMesh_k2qwv")
skeleton = NodePath("")

[node name="MeshInstance3D14" type="MeshInstance3D" parent="cubes"]
transform = Transform3D(1, 0, 0, 0, 1, 0, 0, 0, 1, 0, 2, -2)
material_override = SubResource("StandardMaterial3D_ilnn2")
mesh = SubResource("BoxMesh_k2qwv")
skeleton = NodePath("")

[node name="MeshInstance3D15" type="MeshInstance3D" parent="cubes"]
transform = Transform3D(1, 0, 0, 0, 1, 0, 0, 0, 1, -2, 2, 0)
material_override = SubResource("StandardMaterial3D_ilnn2")
mesh = SubResource("BoxMesh_k2qwv")
skeleton = NodePath("")

[node name="MeshInstance3D16" type="MeshInstance3D" parent="cubes"]
transform = Transform3D(1, 0, 0, 0, 1, 0, 0, 0, 1, -2, 2, -2)
material_override = SubResource("StandardMaterial3D_ilnn2")
mesh = SubResource("BoxMesh_k2qwv")
skeleton = NodePath("")

[node name="MeshInstance3D17" type="MeshInstance3D" parent="cubes"]
transform = Transform3D(1, 0, 0, 0, 1, 0, 0, 0, 1, 2, 2, 0)
material_override = SubResource("StandardMaterial3D_ilnn2")
mesh = SubResource("BoxMesh_k2qwv")
skeleton = NodePath("")

[node name="MeshInstance3D18" type="MeshInstance3D" parent="cubes"]
transform = Transform3D(1, 0, 0, 0, 1, 0, 0, 0, 1, 2, 2, -2)
material_override = SubResource("StandardMaterial3D_ilnn2")
mesh = SubResource("BoxMesh_k2qwv")
skeleton = NodePath("")

[node name="MeshInstance3D19" type="MeshInstance3D" parent="cubes"]
transform = Transform3D(1, 0, 0, 0, 1, 0, 0, 0, 1, 0, -2, 0)
material_override = SubResource("StandardMaterial3D_ilnn2")
mesh = SubResource("BoxMesh_k2qwv")
skeleton = NodePath("")

[node name="MeshInstance3D20" type="MeshInstance3D" parent="cubes"]
transform = Transform3D(1, 0, 0, 0, 1, 0, 0, 0, 1, 0, -2, 2)
material_override = SubResource("StandardMaterial3D_ilnn2")
mesh = SubResource("BoxMesh_k2qwv")
skeleton = NodePath("")

[node name="MeshInstance3D21" type="MeshInstance3D" parent="cubes"]
transform = Transform3D(1, 0, 0, 0, 1, 0, 0, 0, 1, -2, -2, 2)
material_override = SubResource("StandardMaterial3D_ilnn2")
mesh = SubResource("BoxMesh_k2qwv")
skeleton = NodePath("")

[node name="MeshInstance3D22" type="MeshInstance3D" parent="cubes"]
transform = Transform3D(1, 0, 0, 0, 1, 0, 0, 0, 1, 2, -2, 2)
material_override = SubResource("StandardMaterial3D_ilnn2")
mesh = SubResource("BoxMesh_k2qwv")
skeleton = NodePath("")

[node name="MeshInstance3D23" type="MeshInstance3D" parent="cubes"]
transform = Transform3D(1, 0, 0, 0, 1, 0, 0, 0, 1, 0, -2, -2)
material_override = SubResource("StandardMaterial3D_ilnn2")
mesh = SubResource("BoxMesh_k2qwv")
skeleton = NodePath("")

[node name="MeshInstance3D24" type="MeshInstance3D" parent="cubes"]
transform = Transform3D(1, 0, 0, 0, 1, 0, 0, 0, 1, -2, -2, 0)
material_override = SubResource("StandardMaterial3D_ilnn2")
mesh = SubResource("BoxMesh_k2qwv")
skeleton = NodePath("")

[node name="MeshInstance3D25" type="MeshInstance3D" parent="cubes"]
transform = Transform3D(1, 0, 0, 0, 1, 0, 0, 0, 1, -2, -2, -2)
material_override = SubResource("StandardMaterial3D_ilnn2")
mesh = SubResource("BoxMesh_k2qwv")
skeleton = NodePath("")

[node name="MeshInstance3D26" type="MeshInstance3D" parent="cubes"]
transform = Transform3D(1, 0, 0, 0, 1, 0, 0, 0, 1, 2, -2, 0)
material_override = SubResource("StandardMaterial3D_ilnn2")
mesh = SubResource("BoxMesh_k2qwv")
skeleton = NodePath("")

[node name="MeshInstance3D27" type="MeshInstance3D" parent="cubes"]
transform = Transform3D(1, 0, 0, 0, 1, 0, 0, 0, 1, 2, -2, -2)
material_override = SubResource("StandardMaterial3D_ilnn2")
mesh = SubResource("BoxMesh_k2qwv")
skeleton = NodePath("")

[node name="freecam" parent="." instance=ExtResource("5_i51ed")]
